 Dungeon Crawl Stone Soup version 0.31-a0-277-g31ea1f65cc (webtiles) character file.

Game seed: 11530478206980126280

158 Newt the Shooter (level 5, -1/35 HPs)
             Began as a Kobold Hunter on July 15, 2023.
             Was an Initiate of Hepliaklqana.
             Slain by a kobold brigand
             ... wielding a +0 short sword
              (4 damage)
             ... in a sewer.
             The game lasted 00:03:51 (3117 turns).

Newt the Shooter (Kobold Hunter)                    Turns: 3117, Time: 00:03:52

Health: -1/35      AC:  3    Str:  8      XL:     5   Next: 67%
Magic:  5/5        EV: 13    Int: 11      God:    Hepliaklqana [......]
Gold:   157        SH:  0    Dex:  7 (20) Spells: 4/4 levels left

rFire   . . .        a - +0 shortbow
rCold   . . .        (shield currently unavailable)
rNeg    . . .        c - +0 leather armour
rPois   .            (no helmet)
rElec   .            (no cloak)
rCorr   .            (no gloves)
SInv    .            (no boots)
Will    .....        (no amulet)
Stlth   +            (no ring)
HPRegen 0.25/turn    (no ring)
MPRegen 0.09/turn

%: no passive effects
@: very slow
A: small, no large weapons, nightstalker 3
a: Renounce Religion


You were in a sewer.
You worshipped Hepliaklqana.
Hepliaklqana was noncommittal.
You visited 1 branch of the dungeon, and saw 3 of its levels.
You also visited: Sewer.

You collected 157 gold pieces.

Inventory:

Hand Weapons
 a - a +0 shortbow (weapon)
Armour
 c - a +0 leather armour (worn)
Scrolls
 i - 2 scrolls of vulnerability
Potions
 d - a potion of degeneration
 h - a potion of brilliance


   Skills:
 - Level 5.0 Fighting
 + Level 6.6 Ranged Weapons
 - Level 2.4 Dodging
 - Level 1.3 Stealth


You had 4 spell levels left.
You didn't know any spells.
Your spell library was empty.

Dungeon Overview and Level Annotations

Branches:
Dungeon (3/15)              Sewer (1/1)

Altars:
Hepliaklqana


Innate Abilities, Weirdness & Mutations

You are small and have problems with some larger weapons.
You are completely attuned to the shadows.


Message History

The kobold brigand is heavily wounded.
The kobold barely misses you. The kobold brigand barely misses you.
You shoot an arrow. The arrow hits the kobold brigand.
The kobold brigand is severely wounded.
The kobold barely misses you. The kobold brigand closely misses you.
You shoot an arrow.
The arrow hits the kobold brigand but does no damage.
The kobold brigand is severely wounded.
The kobold barely misses you.
The kobold brigand hits you with a +0 short sword.
You shoot an arrow.
The arrow closely misses the kobold brigand.
The kobold hits you with a +0 dagger. The kobold brigand misses you.
You shoot an arrow.
The arrow completely misses the kobold brigand.
The kobold hits you with a +0 dagger.
* * * LOW HITPOINT WARNING * * *
The kobold brigand hits you with a +0 short sword.
* * * LOW HITPOINT WARNING * * *
Unknown command.
You shoot an arrow. The arrow hits the kobold brigand!
The kobold brigand is almost dead.
The kobold brigand barely misses you. The kobold hits you with a +0 dagger.
* * * LOW HITPOINT WARNING * * *
Unknown command.
Okay, then.
The kobold throws a stone.
The stone completely misses you.
Unknown command.
You enter the shallow water.
Moving in this stuff is going to be slow.
The kobold throws a stone.
The stone hits you.
* * * LOW HITPOINT WARNING * * *
Unknown command.
Fire: a) +0 shortbow
Press: ? - help, Shift-Dir - straight line, f/p - kobold brigand
Aim: a kobold brigand, wielding a +0 short sword and quivering poisoned darts (almost dead, 51% to hit)
You shoot an arrow.
The arrow closely misses the kobold brigand.
The kobold brigand hits you with a +0 short sword.
You die...

≈≈≈≈≈≈#...#≈≈≈
#≈≈≈≈~≈#...≈≈≈≈
#≈≈≈~≈~#...#.≈≈
#~≈≈≈≈...≈....≈
#≈~~~..#≈≈≈#..~
#......#~≈≈#...
#+#######≈#####
#.....K#...#..
#.~≈.~@.....≈~
#≈≈≈~≈≈#K..#~
#########'##
##########.).##
#≈≈≈≈≈≈#.K.§...#
!......'.......+
?......'.§._.§.+
/......'.......+
#≈≈≈~≈≈#..§.§..


You could see a kobold brigand and a kobold.

Vanquished Creatures
  A quasit (Sewer)
  2 shadow imps (Sewer)
  4 ufetubi (Sewer)
  2 dart slugs (D:1)
  4 ball pythons
  3 bats
  3 endoplasms (D:1)
  8 giant cockroaches
  15 goblins
  8 hobgoblins
  6 jackals
  4 quokkas
  5 frilled lizards
  A giant cockroach zombie (Sewer)
  9 kobolds
  6 rats
81 creatures vanquished.

Vanquished Creatures (others)
  A kobold zombie (Sewer)
1 creature vanquished.

Grand Total: 82 creatures vanquished

Notes
Turn   | Place    | Note
-------+----------+-------------------------------------------
     0 | D:1      | Newt the Kobold Hunter began the quest for the Orb.
     0 | D:1      | Reached XP level 1. HP: 12/12 MP: 1/1
   152 | D:1      | You fall into a shaft and drop 1 floor!
   223 | D:2      | Reached XP level 2. HP: 14/18 MP: 2/2
   681 | D:1      | Reached XP level 3. HP: 23/23 MP: 3/3
  1145 | D:1      | Reached XP level 4. HP: 29/30 MP: 4/4
  1825 | D:3      | Found a hazy altar of Hepliaklqana.
  1833 | D:3      | Became a worshipper of Hepliaklqana the Forgotten
  2064 | D:3      | Found a glowing drain.
  2068 | Sewer    | Entered a sewer
  2070 | Sewer    | Reached skill level 5 in Fighting
  2122 | Sewer    | Reached XP level 5. HP: 35/35 MP: 5/5
  2345 | Sewer    | Reached skill level 6 in Ranged Weapons
  2977 | Sewer    | Found a burning altar of Makhleb.
  3086 | Sewer    | Noticed a kobold brigand
  3117 | Sewer    | Slain by a kobold brigand

Illustrated notes

Levels and vault maps discovered:
D:1:      amcnicky_arrival_underground_garden, layout_basic
D:2:      layout_loops_corners
D:3:      layout_loops_cross, mainiacjoe_overflow_paths, gup_sewer_entry_bowl
Sewer:    kennysheep_sewer_church

Skill      XL: |  1  2  3  4  5 |
---------------+----------------+-----
Fighting       | 3 4 5 |  5.0
Ranged Weapons | 6 |  6.6
Dodging        | |  2.4
Stealth        | |  1.3

Action                     |  1- 3 |  4- 6 || total
---------------------------+-------+-------++-------
   Fire: Shortbow          |    91 |   174 ||   265
    Use: Scroll            |       |     8 ||     8
         Potion            |       |     1 ||     1
 Armour: Leather armour    |     7 |    75 ||    82
  Dodge: Dodged            |    44 |   236 ||   280

Table legend: (Time is in decaauts)
 A = Elapsed time spent in this place.
 B = Non-inter-level travel time spent in this place.
 C = Inter-level travel time spent in this place.
 D = Time resting spent in this place.
 E = Time spent auto-exploring this place.
 F = Levels seen in this place.
 G = Mean time per level.
                   A        B        C        D        E       F      G
               +--------+--------+--------+--------+--------+-----+--------+
         Total |   3152 |   3056 |     96 |    876 |   1619 |   4 |  788.0 |
       Dungeon |   2104 |   2008 |     96 |    100 |   1557 |   3 |  701.3 |
         Sewer |   1047 |   1047 |      0 |    776 |     62 |   1 | 1047.0 |
               +--------+--------+--------+--------+--------+-----+--------+

Top non-repeatable levels by time:
   Sewer: 1047 daAuts
     D:2: 930 daAuts
     D:1: 896 daAuts
     D:3: 278 daAuts
